 Dungeon Crawl Stone Soup version 0.25.0-1-g7eea58d2a3 (webtiles) character file.

Game seed: 3988146662559169767

6393 Jakers the Thaumaturge (level 10, -2/60 HPs)
             Began as a Deep Elf Venom Mage on June 13, 2020.
             Was a Believer of Sif Muna.
             Slain by a vampire mosquito (8 damage)
             ... on level 10 of the Dungeon.
             The game lasted 00:34:26 (12169 turns).

Jakers the Thaumaturge (Deep Elf Venom Mage)       Turns: 12169, Time: 00:34:27

Health: -2/60      AC: 10    Str:  8      XL:     10   Next: 66%
Magic:  27/27      EV: 12    Int: 24      God:    Sif Muna [**....]
Gold:   330        SH:  5    Dex:  9 (15) Spells: 18/31 levels left

rFire    . . .     SeeInvis .   A - +3 dagger
rCold    . . .     Gourm    .   q - +0 buckler
rNeg     . . .     Faith    .   G - +0 steam dragon scales
rPois    .         Spirit   .   (no helmet)
rElec    .         Reflect  .   J - +0 cloak
rCorr    .         Harm     .   x - +1 pair of gloves {Str+3}
MR       +....     Rnd*Tele +   y - +0 pair of boots
Stlth    ++........             (no amulet)
HPRegen  0.20/turn              (no ring)
MPRegen  0.20/turn              (no ring)

@: no status effects
A: rugged brown scales 1, blink, teleportitis 1
a: Blink, Channel Magic, Renounce Religion


You were on level 10 of the Dungeon.
You worshipped Sif Muna.
Sif Muna was pleased with you.
You were not hungry.

You visited 1 branch of the dungeon, and saw 10 of its levels.

You collected 624 gold pieces.
You spent 294 gold pieces at shops.

Inventory:

Hand Weapons
 v - a +1 dagger of draining
 w - a +0 quarterstaff
 A - a +3 dagger (weapon)
Missiles
 f - 14 curare-tipped darts (quivered)
 B - 21 poisoned darts
Armour
 a - a +1 robe
 q - a +0 buckler (worn)
 x - a +1 pair of gloves of strength (worn)
 y - a +0 pair of boots (worn)
 G - +0 steam dragon scales (worn)
 J - a +0 cloak (worn)
Jewellery
 E - a +6 ring of dexterity
Wands
 p - a wand of random effects (19)
 t - a wand of clouds (4)
 z - a wand of flame (19)
 F - a wand of polymorph (3)
Scrolls
 b - 8 scrolls of identify
 h - 5 scrolls of teleportation
 j - a scroll of silence {unknown}
 l - 6 scrolls of remove curse
 n - 4 scrolls of magic mapping
 r - 2 scrolls of enchant armour
 C - a scroll of immolation
 H - a scroll of amnesia
 I - a scroll of torment
Potions
 d - a potion of curing {unknown}
 e - a potion of mutation
 g - a potion of magic {unknown}
 i - a potion of invisibility {unknown}
 k - a potion of might {unknown}
 m - a potion of brilliance {unknown}
 o - 2 potions of degeneration {unknown}
 s - a potion of haste {unknown}
 u - 2 potions of lignification {unknown}
 K - a potion of berserk rage {unknown}
Comestibles
 c - 24 rations
 L - 6 chunks of flesh


   Skills:
 - Level 5.1 Fighting
 - Level 2.6 Dodging
 - Level 2.5 Stealth
 + Level 6.0 Shields
 - Level 11.1 Spellcasting
 - Level 2.4 Transmutations
 - Level 1.1 Air Magic
 - Level 11.0 Poison Magic


You had 18 spell levels left.
You knew the following spells:

 Your Spells              Type           Power        Failure   Level  Hunger
a - Sting                 Tmut/Pois      ####         1%          1    None
b - Poisonous Vapours     Pois/Air       #####.       1%          2    None
c - Ignite Poison         Fire/Tmut/Pois ####....     2%          3    None
d - Mephitic Cloud        Conj/Pois/Air  ####....     2%          3    None
e - Olgreb's Toxic Radia  Pois           ######..     1%          4    None

Your spell library contained the following spells:

 Spells                   Type           Power        Failure   Level  Hunger
 Sandblast                Erth           ##....       4%          1    None
 Passwall                 Tmut/Erth      ###.....     4%          2    None
 Stone Arrow              Conj/Erth      ##....       14%         3    None
 Petrify                  Tmut/Erth      ###.....     28%         4    None
 Lee's Rapid Deconstruct  Erth           ##........   78%         5    ####...


Dungeon Overview and Level Annotations

Branches:
Dungeon (10/15)            Temple (0/1) D:5
   Lair: D:8-11         Orc: D:9-12

Altars:
Cheibriados
Dithmenos
Gozag
Nemelex Xobeh
Qazlal
Ru
Sif Muna
Trog
Vehumet
Wu Jian
Zin

Shops:
D:6 }   D:7 [

Annotations:
D:3 3 runed translucent doors, Statics's ghost, amateur OpFi


Innate Abilities, Weirdness & Mutations

You are partially covered in rugged brown scales. (AC +1, +3% HP)
You can translocate small distances at will.
You are occasionally teleported next to monsters.


Message History

You block the vampire mosquito's attack.
Drop what? 37/52 slots (_ for help) (? for menu, Esc to quit)
Okay, then.
The vampire mosquito bites you.
The vampire mosquito draws strength from your injuries!
The vampire mosquito closely misses you.
The vampire mosquito bites you!
* * * LOW HITPOINT WARNING * * *
The vampire mosquito draws strength from your injuries!
The vampire mosquito misses you. The vampire mosquito barely misses you.
The vampire mosquito barely misses you. The vampire mosquito bites you!
* * * LOW HITPOINT WARNING * * *
The vampire mosquito draws strength from your injuries!
It was a potion of mutation.
You feel extremely strange.
You feel weirdly uncertain.
You feel jittery.
Rugged brown scales grow over part of your body.
The vampire mosquito bites you!
You die...

###### .....# ...!.# ##### .....#
....# .....#
....#######################.....#
.............^..@yy§§§§§§§§y....#
..........########+#§§#####.....#
..........# .......#..# .....#
..........# .......'..# .....#
..........# .......#..# .....#
..........##########..# .....#
......................# ...###
......................# ...#
.........>............# ...#


You could see 2 vampire mosquitoes.

Vanquished Creatures
  A centaur warrior (D:10)
  Pikel (D:7)
  Maggie (D:9)
  2 trolls (D:9)
  3 hippogriffs
  2 sky beasts (D:6)
  An ice beast (D:9)
  3 orc warriors
  2 black bears
  A phantom (D:10)
  2 necrophages
  4 centaurs
  4 ogres
  2 big kobolds
  3 bullfrogs
  A water moccasin zombie (D:5)
  4 scorpions
  11 killer bees
  5 howler monkeys
  2 crimson imps (D:8)
  A centaur zombie (D:9)
  A quasit (D:10)
  2 bullfrog zombies
  A gnoll shaman (D:9)
  A centaur skeleton (D:9)
  A bullfrog skeleton (D:10)
  3 hounds
  2 iguanas
  Terence (D:3)
  5 orc wizards
  8 worker ants
  A killer bee zombie (D:7)
  2 hound skeletons
  2 worker ant zombies
  7 gnolls
  2 howler monkey skeletons
  10 adders
  4 shadow imps
  An ooze (D:1)
  2 adder zombies
  An adder skeleton (D:4)
  2 worms
  2 dart slugs (D:1)
  2 leopard geckos
  19 orcs
  9 bats
  6 giant cockroaches
  9 goblins
  5 hobgoblins
  2 jackals (D:9)
  3 quokkas
  2 frilled lizards
  2 jackal skeletons (D:4)
  16 kobolds
  A leopard gecko zombie (D:7)
  5 rats
198 creatures vanquished.

Vanquished Creatures (others)
  3 slaves (D:7)
  A centaur (D:7)
  A water moccasin skeleton (D:7)
  A bullfrog zombie (D:7)
  2 hound zombies (D:7)
8 creatures vanquished.

Grand Total: 206 creatures vanquished

Notes
Turn   | Place    | Note
-------+----------+-------------------------------------------
     0 | D:1      | Jakers the Deep Elf Venom Mage began the quest for the Orb.
     0 | D:1      | Reached XP level 1. HP: 10/10 MP: 6/6
   343 | D:1      | Reached XP level 2. HP: 15/15 MP: 6/8
   922 | D:1      | Reached XP level 3. HP: 19/19 MP: 6/10
  1447 | D:2      | Learned a level 2 spell: Poisonous Vapours
  1466 | D:2      | Found a sparkling altar of Nemelex Xobeh.
  2121 | D:3      | Found a sacrificial altar of Ru.
  2127 | D:3      | Reached XP level 4. HP: 24/24 MP: 0/11
  2461 | D:3      | Found a shadowy altar of Dithmenos.
  2495 | D:3      | Noticed Terence
  2501 | D:3      | Killed Terence
  2501 | D:3      | Reached skill level 1 in Air Magic
  2642 | D:3      | Found a runed translucent gate.
  2642 | D:3      | Found a runed translucent gate.
  2642 | D:3      | Found a runed translucent gate.
  2645 | D:3      | Noticed Statics's ghost (amateur OpFi)
  2731 | D:3      | Learned a level 3 spell: Ignite Poison
  2788 | D:3      | Learned a level 3 spell: Mephitic Cloud
  2865 | D:3      | Reached XP level 5. HP: 28/28 MP: 3/13
  3275 | D:4      | Reached skill level 5 in Poison Magic
  3637 | D:4      | Reached XP level 6. HP: 32/32 MP: 6/14
  4107 | D:4      | Found a shimmering blue altar of Sif Muna.
  4111 | D:4      | Became a worshipper of Sif Muna the Loreminder
  4134 | D:5      | Entered Level 5 of the Dungeon
  4137 | D:5      | Found a staircase to the Ecumenical Temple.
  4665 | D:5      | Learned a level 4 spell: Olgreb's Toxic Radiance
  4833 | D:5      | Found a bloodstained altar of Trog.
  5199 | D:6      | Reached XP level 7. HP: 36/36 MP: 12/15
  5767 | D:7      | Noticed Pikel
  5771 | D:7      | Killed Pikel
  5771 | D:7      | Reached XP level 8. HP: 41/41 MP: 6/16
  5886 | D:7      | Found a stormy altar of Qazlal.
  5888 | D:7      | Found a glowing silver altar of Zin.
  5965 | D:7      | Reached skill level 1 in Fighting
  7053 | D:6      | Reached XP level 9. HP: 44/52 MP: 9/17
  7170 | D:6      | Found a sparkling altar of Nemelex Xobeh.
  7226 | D:6      | Found an ornate altar of the Wu Jian Council.
  7509 | D:6      | Found Tucwul's Gadget Boutique.
  7697 | D:7      | Found Raomn's Armour Emporium.
  7699 | D:7      | Found a snail-covered altar of Cheibriados.
  7704 | D:7      | Reached skill level 5 in Spellcasting
  7732 | D:7      | Bought a +1 pair of gloves of strength for 231 gold pieces
  7732 | D:7      | Bought a +0 pair of boots for 63 gold pieces
  7907 | D:7      | Found a sacrificial altar of Ru.
  9088 | D:8      | Reached * piety under Sif Muna
  9531 | D:9      | Noticed Maggie
  9540 | D:9      | Killed Maggie
  9540 | D:9      | Reached skill level 10 in Spellcasting
  9590 | D:9      | Found a radiant altar of Vehumet.
  9622 | D:9      | Reached ** piety under Sif Muna
  9643 | D:9      | Reached XP level 10. HP: 21/54 MP: 18/27
  9977 | D:9      | Reached skill level 5 in Fighting
 10468 | D:9      | Reached skill level 1 in Shields
 10608 | D:9      | Found an opulent altar of Gozag.
 10752 | D:10     | Entered Level 10 of the Dungeon
 11782 | D:10     | Noticed a centaur warrior
 11785 | D:10     | Killed a centaur warrior
 11785 | D:10     | Reached skill level 5 in Shields
 12169 | D:10     | Gained mutation: You are occasionally teleported next to
                  | monsters. [potion of mutation]
 12169 | D:10     | Gained mutation: You can translocate small distances at
                  | will. [potion of mutation]
 12169 | D:10     | Gained mutation: You are partially covered in rugged brown
                  | scales. (AC +1, +3% HP) [potion of mutation]
 12169 | D:10     | Slain by a vampire mosquito

Illustrated notes

Levels and vault maps discovered:
D:1:      noname_arrival_rooms_in_the_neighbourhood, layout_basic,
          minmay_misc_feat_pillars
D:2:      layout_basic, minmay_misc_feat_more_columns,
          nemelex_lonely_heart_becter
D:3:      layout_loops_ring, nicolae_dithmenos_shadow_blocks,
          gammafunk_ghost_split, first_ration,
          nicolae_ru_great_annihilating_truth, uniq_terence
D:4:      layout_rooms, kennysheep_mini
D:5:      layout_gridville, minmay_temple_entry_large_hall,
          trog_three_pillars_becter
D:6:      layout_cave_pools, lemuel_doored_altar, serial_shops, shop,
          nemelex_spade_bored_becter
D:7:      layout_rooms, minitemple, serial_shops, nicolae_shop_waterfront,
          grunt_ogre_cave, cheibriados_altar_1, uniq_pikel
D:8:      minmay_four_partial_circles, layout_basic, lair_entry_dummy
D:9:      layout_basic, grunt_gozag_breadcrumbs, special_room
          [special_room_orc], vehumet_altar_wand_db, uniq_maggie
D:10:     minmay_chambers_of_sevens, layout_irregular_city,
          gammafunk_ghost_necromancy

Skill      XL: |  1  2  3  4  5  6  7  8  9 10 |
---------------+-------------------------------+-----
Poison Magic   | 4 6 7 11 | 11.0
Transmutations | 2 |  2.4
Spellcasting   | 4 11 | 11.1
Air Magic      | 1 |  1.1
Fighting       | 4 5 |  5.1
Shields        | 6 |  6.0
Dodging        | |  2.6
Stealth        | |  2.5

Action                   |  1- 3 |  4- 6 |  7- 9 | 10-12 || total
-------------------------+-------+-------+-------+-------++-------
Melee: Mace              |     4 |    49 |    34 |       ||    87
       Quarterstaff      |       |       |   156 |       ||   156
       Dagger            |       |       |    96 |   172 ||   268
 Cast: Sting             |    56 |     7 |     6 |       ||    69
       Poisonous Vapours |    10 |    50 |    51 |    43 ||   154
       Ignite Poison     |       |     6 |    27 |    16 ||    49
       Mephitic Cloud    |       |     2 |     2 |     5 ||     9
       Olgreb's Toxic Ra |       |       |    11 |     5 ||    16
  Use: Scroll            |       |     9 |       |     3 ||    12
       Potion            |       |       |     4 |     2 ||     6
 Stab: Sleeping          |       |     1 |     2 |       ||     3
  Eat: Chunk             |     4 |     8 |     8 |     9 ||    29
       Ration            |       |     1 |     2 |       ||     3
Armor: Robe              |     4 |    10 |    94 |    11 ||   119
       Steam dragon scal |       |       |       |    81 ||    81
Dodge: Dodged            |    25 |    62 |   217 |   164 ||   468
Block: Buckler           |       |       |       |    43 ||    43
